 Dungeon Crawl Stone Soup version 0.23-a0-622-g59b4ea9 (webtiles) character file.

245 Leeroy the Slasher (level 6, -11/46 (47) HPs)
             Began as a Barachi Skald on Dec 23, 2018.
             Was an Initiate of Okawaru.
             Mangled by an ogre
             ... wielding a +0 giant club
              (31 damage)
             ... on level 3 of the Dungeon.
             The game lasted 00:14:10 (3187 turns).

Leeroy the Slasher (Barachi Skald)                  Turns: 3187, Time: 00:14:11

HP:   -11/46 (47)   AC:  5    Str: 12    XL:     6   Next: 10%
MP:   4/9           EV: 11    Int: 16    God:    Okawaru [......]
Gold: 94            SH:  0    Dex: 11    Spells: 3/9 levels left

rFire    . . .     SeeInvis .   p - +2 whip (distort)
rCold    . . .     Gourm    .   (no shield)
rNeg     . . .     Faith    .   x - +0 ring mail
rPois    .         Spirit   .   (no helmet)
rElec    .         Reflect  .   (no cloak)
rCorr    .         Harm     .   (no gloves)
MR       .....                  (no boots)
Stlth    +.........             (no amulet)
HPRegen  0.00/turn              (no ring)
MPRegen  0.11/turn              (no ring)

@: very slightly contaminated, non-regenerating, badly diseased, slow
A: +LOS, swims, slowness 1, strong legs 1
a: Hop, Renounce Religion


You were on level 3 of the Dungeon.
You worshipped Okawaru.
Okawaru was noncommittal.
You were not hungry.

You visited 1 branch of the dungeon, and saw 4 of its levels.

You collected 94 gold pieces.

Inventory:

Hand Weapons
 a - a +0 falchion
 c - a +0 short sword
 h - a +0 short sword
 j - a +0 hunting sling
 k - a +0 spear
 l - a +0 hand axe
 p - a +2 whip of distortion (weapon)
Missiles
 n - 88 stones (quivered)
 v - 18 arrows
 w - 7 needles of sleeping
 B - 28 poisoned needles
Armour
 b - a +0 leather armour
 e - a +0 leather armour
 g - a +0 scale mail
 r - a +0 chain mail
 t - a +0 leather armour
 x - a +0 ring mail (worn)
Jewellery
 z - a cursed amulet of inaccuracy {unknown}
 E - an uncursed ring of wizardry {unknown}
Wands
 y - a wand of disintegration (12)
Scrolls
 f - 3 scrolls of remove curse
 m - a scroll of blinking {unknown}
 o - a scroll of magic mapping {unknown}
 q - 5 scrolls of identify {unknown}
 s - 2 scrolls of teleportation {unknown}
 D - a scroll of fog {unknown}
Potions
 i - a potion of resistance {unknown}
 u - a potion of heal wounds {unknown}
 A - a potion of ambrosia {unknown}
 C - a potion of magic {unknown}
Comestibles
 d - 6 rations


   Skills:
 + Level 3.5 Fighting
 * Level 4.6 Long Blades
 + Level 1.6 Maces & Flails
 + Level 3.5 Armour
 - Level 3.2 Dodging
 + Level 2.3 Spellcasting
 * Level 3.5 Charms


You had 3 spell levels left.
You knew the following spells:

 Your Spells              Type           Power        Failure   Level  Hunger
a - Infusion              Chrm           ##..         10%         1    #......
b - Shroud of Golubria    Chrm/Tloc      #.........   30%         2    ###....
c - Regeneration          Chrm/Necr      #.........   52%         3    ###....

Your spell library contained the following spells:

 Spells                   Type           Power        Failure   Level  Hunger
 Song of Slaying          Chrm           ##......     16%         2    ###....
 Spectral Weapon          Hex/Chrm       #.......     52%         3    ###....


Dungeon Overview and Level Annotations

Branches:
Dungeon (4/15)
 Temple: D:4-7

Altars:
Ashenzari
Cheibriados
Makhleb
Nemelex Xobeh
Okawaru
Vehumet
Wu Jian
Yredelemnul

Annotations:
D:3 3 runed doors, pidr's ghost, amateur OpFi
D:4 Sigmund


Innate Abilities, Weirdness & Mutations

Shadows flee at your approach. (+LOS)
You can swim through water.
You cover ground slowly.
You can hop short distances.


Message History

The ogre is lightly wounded.
The ogre closely misses you.
You hit the ogre.
The ogre is lightly wounded.
The ogre hits you with a +0 giant club!!
Ouch! That really hurt!
Your shroud falls apart!
You hit the ogre.
Space bends around the ogre.
The ogre is heavily wounded.
The ogre barely misses you.
You hit the ogre but do no damage.
Space bends around the ogre.
The ogre is severely wounded.
The ogre closely misses you.
You barely miss the ogre.
The ogre is severely wounded.
You hit the ogre.
Space bends around the ogre.
The ogre is almost dead.
The ogre hits you with a +0 giant club!!
Ouch! That really hurt!
You die...

###.###.# #.##.##<.>......## ##)#
........# #.#.#.#.##.###.†.###.##
###.#######..###..##..###.#.#.###
#.# ##)..## ##.##.......÷.....
##.## #..#..###.###......##.###.
##...###....#.#.## #.._..###.....
.........#..##.#####.....###.###.
##...#####..##.###.........#.# #.
###.## ##...>...@O..((((##.#.# #.
# #.####.#.###.##...###.##.#.# #.
# #.....###........).........###.
######.#.###.##...#............
##.####.....##.#.##.######
#.............#.##.......
#########..####.##)###### #######
#..# #.##.# ......# #..####.##.#


You could see an ogre.

Vanquished Creatures
  A crimson imp (D:3)
  An orc wizard (D:3)
  5 adders
  3 oozes
  A dart slug (D:1)
  2 leopard geckos
  7 orcs
  A ball python (D:3)
  6 bats
  2 giant cockroaches
  6 goblins
  8 hobgoblins
  8 jackals (D:3)
  2 quokkas
  3 frilled lizards
  5 kobolds
  3 rats (D:1)
  2 withered plants (D:3)
66 creatures vanquished.

Vanquished Creatures (others)
  An orc priest (D:3)
  A centaur skeleton (D:4)
  A fungus (D:3)
  3 plants (D:3)
  2 withered plants (D:3)
8 creatures vanquished.

Grand Total: 74 creatures vanquished

Notes
Turn   | Place    | Note
-------+----------+-------------------------------------------
     0 | D:1      | Leeroy the Barachi Skald began the quest for the Orb.
     0 | D:1      | Reached XP level 1. HP: 17/17 MP: 3/3
    27 | D:1      | Reached XP level 2. HP: 11/23 MP: 5/5
    93 | D:1      | Reached skill level 3 in Long Blades
   111 | D:1      | Found an iron altar of Okawaru.
   124 | D:1      | Became a worshipper of Warmaster Okawaru
   861 | D:1      | Learned a level 2 spell: Shroud of Golubria
   940 | D:2      | Found an ornate altar of the Wu Jian Council.
   956 | D:2      | Reached XP level 3. HP: 23/28 MP: 6/6
  1005 | D:2      | Found a snail-covered altar of Cheibriados.
  1013 | D:2      | Found a shattered altar of Ashenzari.
  1527 | D:2      | Found a sparkling altar of Nemelex Xobeh.
  1535 | D:2      | Reached XP level 4. HP: 30/35 MP: 7/7
  1583 | D:3      | Reached skill level 4 in Long Blades
  1705 | D:3      | Found a radiant altar of Vehumet.
  1705 | D:3      | Found a burning altar of Makhleb.
  1718 | D:3      | Reached XP level 5. HP: 23/41 MP: 8/8
  1761 | D:3      | Found a basalt altar of Yredelemnul.
  1808 | D:3      | Reached skill level 1 in Maces & Flails
  1813 | D:3      | Learned a level 3 spell: Regeneration
  2322 | D:3      | Found a runed gate.
  2322 | D:3      | Found a runed gate.
  2328 | D:3      | Found a runed gate.
  2328 | D:3      | Noticed pidr's ghost (amateur OpFi)
  2329 | D:3      | Identified the +11 short sword "Goblinbane" {venom, *Slow
                  | rElec rN++ MR-}
  2589 | D:4      | Reached XP level 6. HP: 44/47 MP: 9/9
  2833 | D:4      | Noticed Sigmund
  3187 | D:3      | Mangled by an ogre

Vault maps used:
D:1:      grunt_arrival_lava_bath, okawaru_ov_weapons_minmay
D:2:      grunt_temple_overflow_open, nemelex_xobeh_ov_fountains_minmay
D:3:      grunt_temple_overflow_lords_of_destruction, yredelemnul_altar_generic,
          gammafunk_ghost_nasty_kobolds
D:4:      uniq_sigmund

Skill      XL: |  1  2  3  4  5 |
---------------+----------------+-----
Long Blades    | 3 4 |  4.6
Fighting       | 3 |  3.5
Armour         | 2 3 |  3.5
Dodging        | 3 |  3.2
Maces & Flails | 1 |  1.6
Spellcasting   | |  2.3
Charms         | |  3.5

Action                   |  1- 3 |  4- 6 || total
-------------------------+-------+-------++-------
Melee: Falchion          |    14 |       ||    14
       Short sword       |   142 |    10 ||   152
       Whip              |       |   131 ||   131
Throw: Stone             |     8 |     9 ||    17
 Cast: Infusion          |     1 |     6 ||     7
       Shroud of Golubri |       |     1 ||     1
  Use: Scroll            |     1 |       ||     1
       Potion            |     1 |     1 ||     2
  Eat: Chunk             |     3 |     4 ||     7
       Ration            |       |     1 ||     1
Armor: Leather armour    |    16 |       ||    16
       Scale mail        |    48 |    58 ||   106
       Ring mail         |       |     7 ||     7
Dodge: Dodged            |   100 |    74 ||   174
       Rpst.: Falchion   |     4 |       ||     4

Table legend:
 A = Non-vault XP
 B = Vault XP
 C = Vault XP percentage of total XP
 D = Non-vault monster count
 E = Vault monster count
 F = Vault count percentage of total count
                 A         B        C        D         E       F
            +---------+---------+-------+---------+---------+-------
      Total |     302 |      48 |  13.7 |      65 |       1 |   1.5
            +---------+---------+-------+---------+---------+-------
        D:1 |      31 |       0 |   0.0 |      15 |       0 |   0.0
        D:2 |      65 |       0 |   0.0 |      15 |       0 |   0.0
        D:3 |     141 |      48 |  25.4 |      29 |       1 |   3.3
        D:4 |      65 |       0 |   0.0 |       6 |       0 |   0.0
            +---------+---------+-------+---------+---------+-------
